 Dungeon Crawl Stone Soup version 0.29-a0-802-g34511f41fd (webtiles) character file.

Game seed: 9071724912613916405

58 ptdevnull the Cudgeller (level 4, -1/48 HPs)
             Began as an Ogre Gladiator on July 4, 2022.
             Slain by a gnoll
             ... wielding a +0 whip
              (2 damage)
             ... on level 2 of the Dungeon.
             The game lasted 00:02:30 (1740 turns).

ptdevnull the Cudgeller (Ogre Gladiator)            Turns: 1740, Time: 00:02:30

Health: -1/48      AC:  3    Str: 20    XL:     4   Next: 2%
Magic:  4/4        EV: 10    Int:  9    God:
Gold:   53         SH:  0    Dex: 10    Spells: 3/3 levels left

rFire   . . .      SeeInvis .   a - +0 flail
rCold   . . .      Faith    .   (no shield)
rNeg    . . .      Spirit   .   b - +0 robe
rPois   .          Reflect  .   c - +0 hat
rElec   .          Harm     .   (no cloak)
rCorr   .          Rampage  .   (gloves unavailable)
Will    .....                   (boots unavailable)
Stlth   +.........              (no amulet)
HPRegen 0.16/turn               (no ring)
MPRegen 0.09/turn               (no ring)

@: no status effects
A: large, unfitting armour, tough skin 1
a: no special abilities


You were on level 2 of the Dungeon.
You visited 1 branch of the dungeon, and saw 2 of its levels.

You collected 53 gold pieces.

Inventory:

Hand Weapons
 a - a +0 flail (weapon)
Missiles
 d - 3 throwing nets (quivered)
 e - a large rock
Armour
 b - a +0 robe (worn)
 c - a +0 hat (worn)
Jewellery
 l - a ring of ice
Scrolls
 f - a scroll of enchant armour {unknown}
 g - a scroll of fear {unknown}
 n - a scroll of fog {unknown}
Potions
 h - a potion of invisibility {unknown}
 i - a potion of attraction {unknown}
 j - a potion of flight {unknown}
 k - a potion of might {unknown}
 m - a potion of ambrosia {unknown}


   Skills:
 + Level 3.8 Fighting
 * Level 3.9 Maces & Flails
 - Level 2.0 Throwing
 - Level 2.6 Dodging


You had 3 spell levels left.
You didn't know any spells.
Your spell library contained the following spells:

 Spells                   Type           Power      Damage    Failure   Level
 Dazzling Flash           Conj/Hex       0%         N/A       77%         3
 Iskenderun's Mystic Bla  Conj/Tloc      0%         2d3       99%         4
 Starburst                Conj/Fire      0%         6d3       100%        6


Dungeon Overview and Level Annotations

Branches:
Dungeon (2/15)

Altars:


Innate Abilities, Weirdness & Mutations

You are too large for most types of armour.
You have tough skin. (AC +1)


Message History

The gnoll closely misses you.
You sock the gnoll!
The gnoll is almost dead.
The gnoll closely misses you. The gnoll misses you.
You hit the gnoll.
You kill the gnoll!
The gnoll hits you with a +0 spear!
Things that are here:
a +0 spear; a gnoll corpse You hit the gnoll.
The gnoll is moderately wounded.
The gnoll barely misses you.
You completely miss the gnoll.
The gnoll is moderately wounded.
The gnoll hits you with a +0 spear.
You completely miss the gnoll.
The gnoll is moderately wounded.
The gnoll hits you with a +0 spear!
You barely miss the gnoll. You punch the gnoll.
The gnoll is heavily wounded.
The gnoll hits you with a +0 spear.
You sock the gnoll!
You kill the gnoll!
You have reached level 4!
You hit the gnoll but do no damage. The gnoll hits you with a +0 whip.
* * * LOW HITPOINT WARNING * * *
The gnoll hits you with a +0 whip.
* * * LOW HITPOINT WARNING * * *
You barely miss the gnoll. The gnoll hits you with a +0 whip.
* * * LOW HITPOINT WARNING * * *
You closely miss the gnoll. The gnoll misses you.
You hit the gnoll but do no damage. The gnoll hits you with a +0 whip.
* * * LOW HITPOINT WARNING * * *
You hit the gnoll.
The gnoll is lightly wounded.
The gnoll barely misses you.
You closely miss the gnoll. The gnoll hits you with a +0 whip!
* * * LOW HITPOINT WARNING * * *
The gnoll hits you with a +0 whip.
You die...

##.....♣♣ #.g...<.♣ #...<...♣
##### #!....=... ...#
#..........# #.## #..........#
##..## ##........##
##########....###.?........#
####...##...#...@g..^†.......!#
...............))###..........#
#...............# #...........
##......÷).......# #..........#
#......<.).......# ##..g.....♣
..#...).......##..# ##.......≈♣
####...##...#.###..>.....♣♣..≈♣
#...(.####.# #####g.≈≈ .≈≈
########..†...# ≈≈≈P≈≈ .≈


You could see a gnoll.

Vanquished Creatures
  An adder (D:2)
  2 gnolls (D:2)
  3 endoplasms
  A giant cockroach (D:1)
  4 goblins
  3 hobgoblins
  2 quokkas (D:2)
  4 ball pythons (D:1)
  A bat (D:1)
  A frilled lizard (D:2)
  4 kobolds
  4 rats
30 creatures vanquished.

Vanquished Creatures (others)
  34 plants (D:2)
34 creatures vanquished.

Grand Total: 64 creatures vanquished

Notes
Turn   | Place    | Note
-------+----------+-------------------------------------------
     0 | D:1      | ptdevnull the Ogre Gladiator began the quest for the Orb.
     0 | D:1      | Reached XP level 1. HP: 22/22 MP: 1/1
   179 | D:1      | Reached XP level 2. HP: 31/31 MP: 2/2
  1123 | D:2      | Reached XP level 3. HP: 7/37 MP: 3/3
  1734 | D:2      | Reached XP level 4. HP: 17/48 MP: 4/4
  1740 | D:2      | HP: 1/48 [gnoll/+0 whip (8)]
  1740 | D:2      | Slain by a gnoll

Illustrated notes

Levels and vault maps discovered:
D:1:      spicycebolla_arrival_ecumenical, layout_loops_corners
D:2:      layout_rooms, serial_bayou, serial_bayou_ford_a,
          serial_bayou_crossing, serial_bayou_pond_c, serial_bayou_pond_d,
          minmay_worlds_worst_comb

Skill      XL: |  1 |
---------------+----+-----
Fighting       | 3 |  3.8
Maces & Flails | 3 |  3.9
Throwing       | |  2.0
Dodging        | |  2.6

Action                   |  1- 3 |  4- 6 || total
-------------------------+-------+-------++-------
Melee: Flail             |   110 |     6 ||   116
       Punch             |     2 |       ||     2
Armor: Robe              |    31 |       ||    31
Dodge: Dodged            |    71 |     2 ||    73

Table legend: (Time is in decaauts)
 A = Elapsed time spent in this place.
 B = Non-inter-level travel time spent in this place.
 C = Inter-level travel time spent in this place.
 D = Time resting spent in this place.
 E = Time spent auto-exploring this place.
 F = Levels seen in this place.
 G = Mean time per level.
                   A        B        C        D        E       F      G
               +--------+--------+--------+--------+--------+-----+--------+
         Total |   1769 |   1740 |     29 |    479 |    971 |   2 |  884.5 |
       Dungeon |   1769 |   1740 |     29 |    479 |    971 |   2 |  884.5 |
               +--------+--------+--------+--------+--------+-----+--------+

Top non-repeatable levels by time:
     D:1: 1229 daAuts
     D:2: 539 daAuts
